[Event "Titled Tuesday Blitz February 22 Early 2022"]
[White "Johnson, Ben"]
[Black "Toncheva, Nadya"]
[WhiteFideId "2010917"]
[BlackFideId "2924056"]
[WhiteElo "2210"]
[BlackElo "1920"]
[Result "0-1"]
[Round "05"]
[TimeControl "180+1"]
[Date "2022.02.22"]
[WhiteClock "0:00:02"]
[BlackClock "0:00:55"]

1. Nf3 Nf6 2. c4 e6 3. b3 c5 4. Bb2 b6 5. g3 Bb7 6. Bg2 Be7 7. O-O O-O 8. e3 d5 9. Ne5 Nc6 10. Nxc6 Bxc6 11. Nc3 Qd7 12. d3 Rfd8 13. Qc2 d4 14. Bxc6 Qxc6 15. exd4 Rxd4 16. Ne2 Rd7 17. d4 Rad8 18. Rad1 cxd4 19. Rxd4 Qf3 20. Rxd7 Rxd7 21. Nd4 Qh5 22. Re1 Bc5 23. Rd1 e5 24. Ne2 Qf3 25. Rf1 Ne4 26. Nc1 Rd2 0-1


[Site "https://www.chess.com"]

[Event "Titled Tuesday Blitz February 22 Early 2022"]
[White "Jumabayev, Rinat"]
[Black "Szpar, Milosz"]
[WhiteFideId "13702661"]
[BlackFideId "1184989"]
[WhiteElo "2561"]
[BlackElo "2447"]
[Result "0-1"]
[Round "05"]
[TimeControl "180+1"]
[Date "2022.02.22"]
[WhiteClock "0:00:03"]
[BlackClock "0:00:03"]

1. d4 Nf6 2. Nf3 e6 3. Bf4 d5 4. e3 Bd6 5. Bg3 c5 6. dxc5 Bxc5 7. c4 O-O 8. Nc3 Nc6 9. a3 a6 10. Qc2 Qa5 11. Nd2 Ba7 12. Nb3 Qd8 13. Rd1 Qe7 14. Bd3 dxc4 15. Bxc4 b5 16. Bd3 Rd8 17. Ne4 Bb7 18. Bd6 Qe8 19. Nxf6+ gxf6 20. Bxh7+ Kg7 21. Be4 Rac8 22. Qe2 f5 23. Bf3 Qh8 24. O-O Rxd6 25. Rxd6 Bb8 26. Rfd1 Rd8 27. Qc2 Rxd6 28. Rxd6 Bxd6 29. Bxc6 Qxh2+ 30. Kf1 Qh1+ 31. Ke2 Bxc6 32. Qxc6 Be5 33. Qc2 Qxg2 34. Nd2 Bg3 35. Qc3+ Kg6 36. Kd3 Bxf2 37. Qd4 Qg4 38. Qd8 Bg3 39. Qg8+ Kf6 40. Qh8+ Qg7 41. Qd8+ Kg6 42. Kc2 Be5 43. Nf3 Bf6 44. Qd1 Qh6 45. Qg1+ Kh7 46. Kd3 Qg6 47. Qh2+ Kg7 48. Qc2 f4+ 49. e4 Qg3 50. Qe2 Be7 51. e5 Bc5 52. Qf1 Be3 53. Ke2 Qg6 54. Qd1 Qg2+ 55. Kd3 Qxb2 56. a4 Qa3+ 57. Ke2 Qa2+ 58. Kd3 Qc4# 0-1


[Site "https://www.chess.com"]

[Event "Titled Tuesday Blitz February 22 Early 2022"]
[White "Kadam, Om Manish"]
[Black "Galchenko, Matvey"]
[WhiteFideId "45076294"]
[BlackFideId "24175480"]
[WhiteElo "1729"]
[BlackElo "2453"]
[Result "0-1"]
[Round "05"]
[TimeControl "180+1"]
[Date "2022.02.22"]
[WhiteClock "0:00:21"]
[BlackClock "0:00:22"]

1. e4 e6 2. d4 d5 3. Nd2 a6 4. exd5 exd5 5. Ngf3 Nf6 6. Bd3 c5 7. dxc5 Bxc5 8. O-O O-O 9. Nb3 Bb6 10. c3 Nc6 11. Nbd4 Re8 12. h3 Ne4 13. Re1 Qf6 14. Be3 Bc7 15. Qb3 Qd6 16. Rad1 Nc5 17. Qa3 Nxd3 18. Qxd6 Bxd6 19. Rxd3 Bd7 20. Red1 Rad8 21. Nb3 Ne7 22. Bc5 Bb5 23. Bxd6 Rxd6 24. R3d2 Red8 25. Nbd4 Be8 26. Re1 Kf8 27. Rxe7 Kxe7 28. Nf5+ Kf6 29. Nxd6 Rxd6 30. Rd4 Bc6 31. Rf4+ Ke7 32. Ng5 f6 33. Nf3 Re6 34. Rd4 Kd6 35. Rd2 Kc5 36. Nd4 Re1+ 37. Kh2 Bd7 38. Kg3 b6 39. Nb3+ Kc6 40. Nd4+ Kd6 41. f3 Ra1 42. a3 g5 43. Kf2 Rb1 44. Ne2 Kc5 45. Nd4 a5 46. Nb3+ Kc4 47. Nd4 h5 48. Kg3 h4+ 49. Kf2 a4 50. f4 g4 51. f5 gxh3 52. gxh3 Kc5 53. Kf3 Rg1 54. Rg2 Rf1+ 55. Kg4 Kd6 56. Kxh4 Bxf5 57. Kg3 Be4 58. Rf2 Rg1+ 59. Kf4 Rh1 60. Kg3 Ke5 61. Nc6+ Ke6 62. h4 Rg1+ 63. Kf4 f5 64. Nd4+ Kf6 65. Rh2 Rg4+ 66. Ke3 f4+ 67. Kf2 Kg6 68. Ne6 Kh5 69. Nd4 Rxh4 70. Rxh4+ Kxh4 71. Ne6 Kg4 72. Nf8 Bf5 73. Ke2 f3+ 74. Kf2 Kf4 75. Kf1 Ke3 76. Ke1 f2+ 77. Kf1 Bh3# 0-1


[Site "https://www.chess.com"]

[Event "Titled Tuesday Blitz February 22 Early 2022"]
[White "Kalajzic, Ivan"]
[Black "Mena, Ailen Oriana"]
[WhiteFideId "14506378"]
[BlackFideId "3902773"]
[WhiteElo "2163"]
[BlackElo "1534"]
[Result "0-1"]
[Round "05"]
[TimeControl "180+1"]
[Date "2022.02.22"]
[WhiteClock "0:00:18"]
[BlackClock "0:00:08"]

1. b3 d5 2. Bb2 e6 3. e3 Nf6 4. f4 Be7 5. Nf3 c5 6. Ne5 O-O 7. Bd3 b6 8. O-O Bb7 9. Ng4 Nc6 10. a3 d4 11. e4 Nxg4 12. Qxg4 e5 13. Bc4 exf4 14. Rxf4 Ne5 15. Qe2 Nxc4 16. bxc4 Bg5 17. Rg4 Qf6 18. d3 Be3+ 19. Kh1 Bc8 20. Rg3 Bf4 21. Rf3 Bg4 22. Nd2 Bxf3 23. Nxf3 Rfe8 24. Rf1 Qh6 25. g3 Bxg3 26. Qg2 Bf4 27. Qg4 Be3 28. e5 Re6 29. Qe4 Rae8 30. Qg4 Bf4 31. Kg2 Rg6 32. h3 Rxg4+ 33. hxg4 Qg6 34. Kh3 h6 35. Bc1 Bxe5 36. Bd2 Bd6 37. Rf2 a5 38. g5 hxg5 39. Nh2 Qh5+ 40. Kg2 Qxh2+ 41. Kf3 Qg3# 0-1


[Site "https://www.chess.com"]

[Event "Titled Tuesday Blitz February 22 Early 2022"]
[White "Kaplan, Ebru"]
[Black "Putri, Regita Desyari"]
[WhiteFideId "6315194"]
[BlackFideId "7109083"]
[WhiteElo "1941"]
[BlackElo "1930"]
[Result "0-1"]
[Round "05"]
[TimeControl "180+1"]
[Date "2022.02.22"]
[WhiteClock "0:01:20"]
[BlackClock "0:01:58"]

1. e4 e5 2. Nf3 Nc6 3. Nc3 Nf6 4. Bb5 Bb4 5. O-O O-O 6. d3 d6 7. Bg5 Bxc3 8. bxc3 h6 9. Bc1 Bg4 10. h3 Bh5 11. g4 Nxg4 12. hxg4 Bxg4 13. d4 f5 14. Bxc6 bxc6 15. dxe5 fxe4 16. Re1 Bxf3 17. Qd2 Qh4 0-1


[Site "https://www.chess.com"]

[Event "Titled Tuesday Blitz February 22 Early 2022"]
[White "Karabalis, Harilos"]
[Black "Fonseca Manrique, Enrique"]
[WhiteFideId "4621808"]
[BlackFideId "5114330"]
[WhiteElo "2168"]
[BlackElo "2590"]
[Result "1-0"]
[Round "05"]
[TimeControl "180+1"]
[Date "2022.02.22"]
[WhiteClock "0:01:23"]
[BlackClock "0:00:40"]

1. e4 c5 2. a3 Nf6 3. Nc3 Nc6 4. Nf3 d5 5. exd5 Nxd5 6. Bc4 e6 7. O-O Be7 8. Ne4 O-O 9. d3 b6 10. Re1 Bb7 11. Ba2 Rc8 12. Ng3 Nd4 13. Ne5 g6 14. c3 Nc6 15. Bh6 Re8 16. Ng4 Bg5 17. Bxd5 Qxd5 18. Ne4 Qf5 19. Bxg5 Ne7 20. Nh6+ 1-0


[Site "https://www.chess.com"]

[Event "Titled Tuesday Blitz February 22 Early 2022"]
[White "Karavaeva, Olga"]
[Black "Terzi, Alexei"]
[WhiteFideId "4124111"]
[BlackFideId "13505076"]
[WhiteElo "2105"]
[BlackElo "2031"]
[Result "1/2-1/2"]
[Round "05"]
[TimeControl "180+1"]
[Date "2022.02.22"]
[WhiteClock "0:00:10"]
[BlackClock "0:00:05"]

1. c4 c5 2. Nc3 Nc6 3. g3 g6 4. Bg2 Bg7 5. Nf3 Nf6 6. O-O O-O 7. d4 cxd4 8. Nxd4 Qa5 9. e3 d6 10. Nxc6 bxc6 11. h4 Bd7 12. Bd2 Qc7 13. b3 Bg4 14. Qc2 Rad8 15. Rfe1 Nd7 16. Rac1 Nc5 17. f3 Bf5 18. e4 Be6 19. Be3 Nd7 20. Qf2 Qa5 21. Na4 c5 22. f4 Nb6 23. Nxb6 axb6 24. f5 Bc8 25. Bg5 Rde8 26. Kh2 Bb7 27. Bf4 Rd8 28. h5 Qa3 29. Qe2 Qb2 30. Rc2 Qf6 31. Qg4 gxf5 32. exf5 Bxg2 33. Kxg2 h6 34. Rce2 Rd7 35. Qf3 Rfd8 36. Qd3 d5 37. Be5 Qg5 38. Bxg7 Kxg7 39. f6+ exf6 40. Re7 d4 41. Qf3 Rxe7 42. Rxe7 d3 43. Qb7 Qxh5 44. Qc7 d2 45. Rxf7+ Qxf7 46. Qxd8 Qb7+ 47. Kf2 Qe4 48. Qxd2 Qf5+ 49. Qf4 Qc2+ 50. Kf3 Qxa2 51. Qg4+ Kf7 52. Qd7+ Kg6 53. Qg4+ Kf7 54. Qd7+ Kg6 55. Qg4+ Kf7 1/2-1/2


[Site "https://www.chess.com"]

[Event "Titled Tuesday Blitz February 22 Early 2022"]
[White "Kashefi, Amir Hosein"]
[Black "Tsvetkov, Andrey"]
[WhiteFideId "12557935"]
[BlackFideId "34139360"]
[WhiteElo "2098"]
[BlackElo "2280"]
[Result "0-1"]
[Round "05"]
[TimeControl "180+1"]
[Date "2022.02.22"]
[WhiteClock "0:00:02"]
[BlackClock "0:00:06"]

1. e4 e5 2. Nf3 Nc6 3. Bb5 Nf6 4. d4 Nxe4 5. Qe2 Nd6 6. Nxe5 Nxe5 7. Qxe5+ Be7 8. Bd3 O-O 9. O-O Bf6 10. Qd5 Ne8 11. c3 c6 12. Qe4 g6 13. Bf4 d5 14. Qe3 Ng7 15. Nd2 Bf5 16. Bh6 Re8 17. Qf3 Bxd3 18. Bxg7 Kxg7 19. Qxd3 a5 20. Rfe1 a4 21. Nf3 Qb6 22. Qd2 a3 23. b4 Qb5 24. Ne5 h5 25. Nd7 Rad8 26. Rxe8 Rxe8 27. Qf4 Bd8 28. Ne5 Re7 29. g4 hxg4 30. Nxg4 Re4 31. Qh6+ Kg8 32. f3 Re6 33. Qf4 Qe2 34. Rf1 Qxa2 35. Qb8 Re8 36. Nf6+ Bxf6 37. Qxe8+ Kg7 38. Qe3 Qb2 39. Qc1 Qe2 40. Qxa3 Bg5 41. Qa1 Be3+ 42. Kh1 Bf2 43. Rxf2 Qxf2 44. Qd1 Qe3 0-1


[Site "https://www.chess.com"]

[Event "Titled Tuesday Blitz February 22 Early 2022"]
[White "Kazancev, Valerij M"]
[Black "Blohberger, Felix"]
[WhiteFideId "4179609"]
[BlackFideId "1632051"]
[WhiteElo "2465"]
[BlackElo "2474"]
[Result "0-1"]
[Round "05"]
[TimeControl "180+1"]
[Date "2022.02.22"]
[WhiteClock "0:00:19"]
[BlackClock "0:02:09"]

1. c4 e5 2. Nc3 Bb4 3. g3 Bxc3 4. bxc3 d6 5. Bg2 Nc6 6. e4 Nge7 7. Ne2 O-O 8. O-O f5 9. exf5 Bxf5 10. d3 Qd7 11. f4 Rae8 12. fxe5 Nxe5 13. Nf4 N7g6 14. d4 Nxf4 15. Bxf4 Nxc4 16. Qb3 b5 17. a4 a6 18. axb5 axb5 19. Ra7 Be4 20. Bxe4 Rxe4 21. Rb7 g5 22. Rxb5 d5 23. Qd1 0-1


[Site "https://www.chess.com"]

[Event "Titled Tuesday Blitz February 22 Early 2022"]
[White "Khumalo, Keith"]
[Black "Mekhitarian, Krikor Sevag"]
[WhiteFideId "14319470"]
[BlackFideId "2107660"]
[WhiteElo "1992"]
[BlackElo "2598"]
[Result "1/2-1/2"]
[Round "05"]
[TimeControl "180+1"]
[Date "2022.02.22"]
[WhiteClock "0:01:33"]
[BlackClock "0:00:03"]

1. d4 Nf6 2. c4 g6 3. Nc3 d5 4. Bg5 Bg7 5. Bxf6 Bxf6 6. cxd5 c6 7. Rc1 O-O 8. dxc6 Qxd4 9. c7 Nc6 10. e3 Qb6 11. Nd5 Qxb2 12. Bc4 Be6 13. Ne2 Rac8 14. O-O Bxd5 15. Bxd5 Rxc7 16. Rb1 Qa3 17. Nf4 e6 18. Bxc6 bxc6 19. Qb3 Qxb3 20. Rxb3 c5 21. Rc1 c4 22. Rbb1 Rd8 23. Rc2 Kf8 24. Kf1 Ke7 25. Rbc1 Rdc8 26. Ke2 Be5 27. Nh3 h6 28. g3 Rc5 29. Ng1 Ra5 30. Nf3 Bf6 31. Nd2 c3 32. Ne4 Bg7 33. Nxc3 Bxc3 34. Rxc3 Rxa2+ 35. Kf3 Rxc3 36. Rxc3 Rd2 37. Rc7+ Rd7 38. Rc6 h5 39. Ra6 Rb7 40. h4 Kf6 41. Kf4 Rc7 42. e4 Rb7 43. e5+ Ke7 44. Kg5 Rc7 45. f3 Rb7 46. g4 Rc7 47. gxh5 gxh5 48. Kxh5 Rc5 49. Rxa7+ Kf8 50. f4 Kg7 51. Kg4 Rc1 52. Ra3 Rg1+ 53. Rg3 Rb1 54. f5 exf5+ 55. Kxf5+ Kh7 56. Kf6 Rf1+ 57. Ke7 Rf5 58. Rg5 Rf4 59. Rg1 Kh6 60. Rg3 Kh7 61. Rg2 Rf5 62. Kd6 Rf4 63. Rh2 Kh6 64. Ke7 Rf5 65. Re2 Kh5 66. Re4 Kh6 67. Kd6 Kh5 68. Kd5 Rf1 69. Rd4 Rf5 70. Kd6 Rf1 71. Ke7 Rf5 72. Re4 Kh6 73. Kf8 Rf1 74. Kg8 Rf5 75. Kf8 Rf3 76. Ke7 Rf5 1/2-1/2


[Site "https://www.chess.com"]

[Event "Titled Tuesday Blitz February 22 Early 2022"]
[White "King, Alexander"]
[Black "Narayanan, Srinath"]
[WhiteFideId "2063620"]
[BlackFideId "5018420"]
[WhiteElo "2306"]
[BlackElo "2472"]
[Result "1/2-1/2"]
[Round "05"]
[TimeControl "180+1"]
[Date "2022.02.22"]
[WhiteClock "0:00:04"]
[BlackClock "0:00:06"]

1. d4 Nf6 2. c4 e6 3. Nc3 Bb4 4. e3 O-O 5. Bd3 d5 6. Nf3 c5 7. O-O Nc6 8. cxd5 exd5 9. dxc5 Bxc5 10. b3 Bg4 11. Be2 Rc8 12. Bb2 Re8 13. h3 Bh5 14. Nh4 Bxe2 15. Nxe2 Ne5 16. Nf5 Qd7 17. Neg3 g6 18. Nh6+ Kg7 19. Ng4 Nfxg4 20. Qxg4 Qxg4 21. hxg4 f6 22. Rfd1 Red8 23. g5 Be7 24. gxf6+ Bxf6 25. Rac1 Rxc1 26. Rxc1 Rd7 27. Bd4 Nc6 28. Ne2 Nxd4 29. Nxd4 Bxd4 30. exd4 Kf6 31. Kf1 Re7 32. f3 h5 33. Kf2 h4 34. Rc8 g5 35. a4 b6 36. Rd8 Ke6 37. Rg8 Kf6 38. Rd8 Rc7 39. Rxd5 Rc2+ 40. Kg1 Rb2 41. Rb5 Rd2 42. a5 Rxd4 43. axb6 axb6 44. Rxb6+ Kf5 45. Rc6 Rd3 46. Rc5+ Kf4 47. Rc4+ Kf5 48. b4 Rb3 49. Kh2 Rb1 50. Rd4 Ke6 51. Re4+ Kf6 52. Rd4 Rb3 53. Rg4 Kf5 54. Rc4 Rd3 55. b5 Rb3 56. Rc5+ Kf4 57. Rc4+ Kf5 58. Rc5+ Kg6 59. Kh3 Kh5 60. Rd5 Rb1 61. Kh2 Rb4 62. Kh3 Kg6 63. Rc5 Kf6 64. Kh2 Rd4 65. b6 Rb4 66. Rc6+ Kf5 67. Kh3 Rb2 68. Kh2 Rb1 69. Rc5+ Kf4 70. Rc4+ Kf5 71. Rc5+ Kg6 72. Rc6+ Kh5 73. Rd6 Rb5 74. Rc6 Rb4 75. Rd6 Rb1 76. Rc6 Rb5 77. Rd6 g4 78. fxg4+ Kxg4 79. Rc6 Rb2 80. Rg6+ Kh5 81. Rc6 Kg5 82. Rc5+ Kf4 83. Rc6 Kf5 84. Kh3 Kg5 85. Rc5+ Kg6 86. Rc6+ Kh5 87. Kh2 Kg4 88. Rg6+ Kf5 89. Rc6 Rb4 90. Kh3 Kg5 91. Rc5+ Kg6 92. Rc6+ Kf5 93. Rh6 Rb2 94. Kh2 Kg5 95. Rc6 Rb5 96. Kh3 Rb3+ 97. Kh2 Kf4 98. Rh6 Kg4 99. Rg6+ Kh5 100. Rc6 Rb5 101. Kh3 Rb4 102. Kh2 Kg5 103. Rc5+ Kg4 104. Rc6 Rb2 1/2-1/2


[Site "https://www.chess.com"]

[Event "Titled Tuesday Blitz February 22 Early 2022"]
[White "Kobalia, Mikhail"]
[Black "Svane, Rasmus"]
[WhiteFideId "4119150"]
[BlackFideId "4657101"]
[WhiteElo "2667"]
[BlackElo "2645"]
[Result "0-1"]
[Round "05"]
[TimeControl "180+1"]
[Date "2022.02.22"]
[WhiteClock "0:00:05"]
[BlackClock "0:00:05"]

1. e4 c6 2. d4 d5 3. exd5 cxd5 4. Bd3 Nc6 5. c3 Nf6 6. Bf4 Bg4 7. Qb3 Qd7 8. Nd2 e6 9. Ngf3 Bd6 10. Bxd6 Qxd6 11. O-O O-O 12. Rae1 Ne7 13. Ne5 Bf5 14. Re3 Rab8 15. Qd1 b5 16. Nb3 b4 17. Nc5 bxc3 18. bxc3 Bxd3 19. Qxd3 Nc6 20. f4 Rb2 21. Qa6 Rb6 22. Qd3 Rfb8 23. g4 Rb2 24. g5 Ne8 25. f5 Nxe5 26. Rxe5 Nc7 27. g6 f6 28. Re2 e5 29. Rff2 Rb1+ 30. Kg2 e4 31. Qd2 Na6 32. Nxa6 Qxa6 33. Qf4 h6 34. Qc7 Qb7 35. Qd6 Rb6 36. Qa3 Ra6 37. Qc5 Qc6 38. Rb2 Qxc5 39. Rxb8+ Qf8 40. Rfb2 Rb6 41. R2xb6 axb6 42. Rxf8+ Kxf8 43. Kf2 b5 44. Ke2 Ke7 45. Kd2 Kd6 46. Kc2 Kc6 47. Kb3 Kb6 48. h4 h5 49. Kc2 Ka6 50. Kb2 Ka5 51. Kb3 Kb6 52. Kc2 Kb7 53. Kb2 Ka7 54. Kc2 Ka6 55. Kb2 Ka5 56. Kb3 e3 57. Kc2 Ka4 58. Kd3 Ka3 59. Kxe3 Kxa2 60. Ke2 Kb2 61. Kd2 Kb3 62. Kd3 b4 63. c4 dxc4+ 64. Ke2 c3 65. d5 c2 0-1


[Site "https://www.chess.com"]

[Event "Titled Tuesday Blitz February 22 Early 2022"]
[White "Kobo, Ori"]
[Black "Kislov, Oleg"]
[WhiteFideId "2812320"]
[BlackFideId "13503774"]
[WhiteElo "2420"]
[BlackElo "2252"]
[Result "0-1"]
[Round "05"]
[TimeControl "180+1"]
[Date "2022.02.22"]
[WhiteClock "0:00:18"]
[BlackClock "0:00:17"]

1. Nc3 d5 2. d4 Nf6 3. Bf4 Bf5 4. f3 e6 5. g4 Bg6 6. h4 h5 7. g5 Nfd7 8. e3 c6 9. Bd3 Bxd3 10. Qxd3 g6 11. O-O-O Bg7 12. Nge2 b5 13. Kb1 Nb6 14. e4 b4 15. exd5 exd5 16. Ne4 dxe4 17. Qxe4+ Qe7 18. Qd3 O-O 19. Ng3 Nd5 20. Bd2 Qc7 21. Ne4 Nd7 22. Rhf1 Nf4 23. Qc4 Nb6 24. Qc5 Nbd5 25. Rfe1 Ne6 26. Qc4 Nxd4 27. Bc1 Nxf3 28. Rf1 Ne5 29. Qe2 Rfe8 30. Qh2 Rad8 31. Nf6+ Bxf6 32. gxf6 Ng4 33. Qg1 Qb6 34. Qg3 Nc3+ 35. bxc3 bxc3+ 36. Ka1 Rxd1 37. Rxd1 Rb8 38. Ba3 Ne3 39. Rc1 Qb1+ 40. Rxb1 Nxc2# 0-1


[Site "https://www.chess.com"]

[Event "Titled Tuesday Blitz February 22 Early 2022"]
[White "Kollars, Dmitrij"]
[Black "Zierk, Steven"]
[WhiteFideId "12909572"]
[BlackFideId "2034255"]
[WhiteElo "2584"]
[BlackElo "2494"]
[Result "0-1"]
[Round "05"]
[TimeControl "180+1"]
[Date "2022.02.22"]
[WhiteClock "0:00:01"]
[BlackClock "0:00:04"]

1. e4 c5 2. Nf3 Nc6 3. Bb5 g6 4. O-O Bg7 5. c3 Nf6 6. Re1 O-O 7. d4 d5 8. e5 Ne4 9. Be3 Bd7 10. Bxc6 bxc6 11. Nbd2 Qb6 12. Qc1 Rab8 13. b3 Qa5 14. Nxe4 dxe4 15. Nd2 cxd4 16. cxd4 c5 17. dxc5 Be6 18. Nxe4 Bxe5 19. Bf4 Bxa1 20. Qxa1 Bf5 21. Bh6 f6 22. Bxf8 Rxf8 23. Qc3 Qxa2 24. Ra1 Qe2 25. Ng3 Qb5 26. Nxf5 gxf5 27. Rxa7 Rb8 28. Rxe7 Qxb3 29. Qxb3+ Rxb3 30. g3 Rc3 31. Rc7 f4 32. gxf4 h5 33. c6 h4 34. f3 Rc2 35. h3 f5 36. Kf1 Kf8 37. Ke1 Ke8 38. Kd1 Rc4 39. Ke2 Kd8 40. Rf7 Rxc6 41. Rxf5 Rc2+ 42. Ke3 Rh2 43. Re5 Rxh3 44. f5 Rg3 45. Kf4 Rg8 46. f6 Rh8 47. Re2 h3 48. Rh2 Ke8 49. Kg5 Kf7 0-1


[Site "https://www.chess.com"]

[Event "Titled Tuesday Blitz February 22 Early 2022"]
[White "Kornyukov, Alexey"]
[Black "Sarkar, Justin"]
[WhiteFideId "4150457"]
[BlackFideId "2010011"]
[WhiteElo "2303"]
[BlackElo "2038"]
[Result "0-1"]
[Round "05"]
[TimeControl "180+1"]
[Date "2022.02.22"]
[WhiteClock "0:02:10"]
[BlackClock "0:01:43"]

1. e4 e5 2. Nf3 Nc6 3. d4 exd4 4. Nxd4 Nf6 5. Nxc6 bxc6 6. e5 Ne4 7. Qe2 Nc5 8. Qc4 Be7 9. Be2 O-O 10. O-O d5 11. exd6 cxd6 12. Be3 Ba6 13. Qd4 Bxe2 0-1


[Site "https://www.chess.com"]

[Event "Titled Tuesday Blitz February 22 Early 2022"]
[White "Kovalenko, Igor"]
[Black "Kim, Sergey"]
[WhiteFideId "14117908"]
[BlackFideId "13700570"]
[WhiteElo "2560"]
[BlackElo "2636"]
[Result "1-0"]
[Round "05"]
[TimeControl "180+1"]
[Date "2022.02.22"]
[WhiteClock "0:00:06"]
[BlackClock "0:00:07"]

1. d4 Nf6 2. c4 g6 3. Nc3 Bg7 4. e3 d6 5. g3 O-O 6. Bg2 Nbd7 7. Nge2 e5 8. O-O Re8 9. h3 c6 10. Kh2 Qe7 11. b3 e4 12. Qc2 h5 13. Ba3 Nf8 14. Rae1 Bf5 15. b4 a6 16. Qd2 d5 17. cxd5 cxd5 18. Qb2 Qd7 19. b5 N8h7 20. bxa6 Rxa6 21. Bc5 Ng5 22. Ng1 h4 23. Rb1 hxg3+ 24. fxg3 Nf3+ 25. Nxf3 exf3 26. Rxf3 Bxb1 27. Qxb1 Rae6 28. Nd1 b6 29. Bb4 Ne4 30. Be1 Rc8 31. Rf4 f5 32. Qb3 Rec6 33. Bxe4 fxe4 34. Nc3 Bh6 35. Nxd5 Rc2+ 36. Kg1 Qxh3 37. Nb4+ Kh8 38. Nxc2 Bxf4 39. exf4 Qd7 40. d5 Rc5 41. Ne3 Qb5 42. Qxb5 Rxb5 43. Bc3+ Kg8 44. Kf2 Ra5 45. Bxa5 1-0


[Site "https://www.chess.com"]

[Event "Titled Tuesday Blitz February 22 Early 2022"]
[White "Kozak, Adam"]
[Black "Demin, Vladimir"]
[WhiteFideId "753246"]
[BlackFideId "4167457"]
[WhiteElo "2459"]
[BlackElo "2586"]
[Result "1-0"]
[Round "05"]
[TimeControl "180+1"]
[Date "2022.02.22"]
[WhiteClock "0:00:20"]
[BlackClock "0:00:03"]

1. c4 Nf6 2. Nc3 e6 3. e4 d5 4. e5 Ne4 5. Nf3 Nc6 6. cxd5 exd5 7. d4 Bb4 8. Bd2 O-O 9. Bd3 f5 10. O-O h6 11. Qb3 Bxc3 12. bxc3 Be6 13. Qxb7 Ne7 14. Qa6 Qd7 15. Bc1 g5 16. Ba3 Rfb8 17. Rab1 Ng6 18. Rxb8+ Rxb8 19. Qxa7 Qc8 20. Qa4 Ra8 21. Qb3 g4 22. Ne1 Nf4 23. Bxe4 dxe4 24. c4 Ne2+ 25. Kh1 Nxd4 26. Qe3 c5 27. Bb2 Kg7 28. a3 Bxc4 29. Rg1 Ne6 30. Qc3 Bd5 31. Nc2 f4 32. h3 h5 33. Kh2 Qc6 34. g3 Kg6 35. gxf4 Kf5 36. Qg3 Rh8 37. Ne3+ Kg6 38. f5+ Kf7 39. fxe6+ Kxe6 40. Qf4 Qe8 41. Qf6+ Kd7 42. Qd6+ Kc8 43. Nxd5 g3+ 44. Rxg3 Qf7 45. Rg2 1-0


[Site "https://www.chess.com"]

[Event "Titled Tuesday Blitz February 22 Early 2022"]
[White "Kozak, Alexander"]
[Black "Samunenkov, Ihor"]
[WhiteFideId "4135881"]
[BlackFideId "14187086"]
[WhiteElo "2251"]
[BlackElo "2406"]
[Result "0-1"]
[Round "05"]
[TimeControl "180+1"]
[Date "2022.02.22"]
[WhiteClock "0:00:01"]
[BlackClock "0:00:02"]

1. e4 c5 2. c3 Nf6 3. e5 Nd5 4. d4 cxd4 5. Nf3 Nc6 6. Bc4 Nb6 7. Bb3 d5 8. exd6 Qxd6 9. O-O Be6 10. Na3 Bxb3 11. axb3 a6 12. Qe2 g6 13. Rd1 Bg7 14. cxd4 Nd5 15. Nc4 Qd8 16. Nce5 O-O 17. Nxc6 bxc6 18. Ne5 Nb4 19. Ra4 a5 20. Bd2 Qxd4 21. Bc3 Qc5 22. Nd7 Qb5 23. Qxe7 Nd5 24. Qe1 Rfe8 25. Qd2 Rad8 26. Bxg7 Kxg7 27. Qd4+ Kg8 28. Nc5 Qe2 29. h3 Rb8 30. Raa1 Rb4 31. Qd2 Qxd2 32. Rxd2 Rb5 33. Rc1 Kg7 34. Rdc2 h5 35. Na4 Nb4 36. Rc5 Nd3 37. Rxb5 cxb5 38. Rd1 Nb4 39. Nc3 Re5 40. Rd7 Nc2 41. Rb7 Nd4 42. h4 b4 43. Na4 Nxb3 44. Kh2 Nd4 0-1


[Site "https://www.chess.com"]

[Event "Titled Tuesday Blitz February 22 Early 2022"]
[White "Kozak, Antoni"]
[Black "Manukian, Artak"]
[WhiteFideId "21832030"]
[BlackFideId "13301373"]
[WhiteElo "2232"]
[BlackElo "2490"]
[Result "1-0"]
[Round "05"]
[TimeControl "180+1"]
[Date "2022.02.22"]
[WhiteClock "0:01:55"]
[BlackClock "0:01:04"]

1. d4 Nf6 2. Bf4 d5 3. e3 Bg4 4. Qd3 c6 5. Qb3 Qb6 6. c4 e6 7. Nc3 Nbd7 8. c5 Qxb3 9. axb3 a6 10. b4 Rc8 11. h3 Bh5 12. Be2 Bxe2 13. Ngxe2 Be7 14. Nc1 Bd8 15. Nb3 O-O 16. O-O Nh5 17. Bd6 Re8 18. Na5 Bxa5 19. bxa5 Nf8 20. Ra4 Rcd8 21. Rfa1 Rd7 22. R1a3 f6 23. Rb3 e5 24. g4 exd4 25. Rxd4 Ne6 26. Rdb4 d4 27. Ne2 d3 28. Nc3 d2 29. gxh5 Nxc5 30. Bxc5 d1=Q+ 31. Nxd1 Rxd1+ 32. Kg2 Re5 33. Bd4 Rxa5 34. Rxb7 Rxh5 35. Rc7 Rg5+ 36. Kf3 h5 37. h4 Rg4 38. Rb6 Rd3 39. Ke2 1-0


[Site "https://www.chess.com"]

[Event "Titled Tuesday Blitz February 22 Early 2022"]
[White "Krsnik Cohar, Ivan Vihor"]
[Black "Novikov, Evgenij"]
[WhiteFideId "14520044"]
[BlackFideId "4125380"]
[WhiteElo "2414"]
[BlackElo "2242"]
[Result "1/2-1/2"]
[Round "05"]
[TimeControl "180+1"]
[Date "2022.02.22"]
[WhiteClock "0:01:07"]
[BlackClock "0:00:07"]

1. d4 d5 2. Bg5 h6 3. Bh4 Nf6 4. Nd2 e6 5. e3 c5 6. c3 Nc6 7. f4 cxd4 8. exd4 Be7 9. Ngf3 Ne4 10. Bg3 O-O 11. Bd3 f5 12. O-O Qb6 13. Rb1 Bf6 14. Kh1 Bd7 15. Ne5 Nxe5 16. fxe5 Bg5 17. Nb3 Bb5 18. Bf4 Bxf4 19. Rxf4 g5 20. Rf1 Kg7 21. Qe2 Bxd3 22. Qxd3 a5 23. Nd2 Qa6 24. Qe3 f4 25. Qe1 Qd3 26. Rd1 Nxd2 27. Rxd2 Qf5 28. Qe2 Rf7 29. Qb5 h5 30. Rdf2 Qe4 31. Qb6 Qg6 32. a4 g4 33. Kg1 Raf8 34. Qxa5 h4 35. Qb5 g3 36. Rf3 Kh7 37. Qd3 Qxd3 38. Rxd3 Ra8 39. Rdf3 Rxa4 40. hxg3 hxg3 41. Rxf4 Rxf4 42. Rxf4 Ra1+ 43. Rf1 Ra2 44. Rb1 Kg6 45. Kf1 Kf5 46. Ke2 Ke4 47. Kd2 b5 48. Re1+ Kf4 49. Kc2 Ra6 50. Rf1+ Kg4 51. Rf6 Rc6 52. Kb3 Ra6 53. Kb4 Ra2 54. Kb3 Ra6 55. Kc2 Rb6 56. Kd2 Ra6 57. Ke3 Ra2 58. Rg6+ Kh4 59. Kf3 Rxb2 60. Rh6+ Kg5 61. Rxe6 Rc2 62. Kxg3 Rxc3+ 63. Kf2 Rd3 64. Rb6 Rxd4 65. e6 Kf6 66. Ke3 Re4+ 67. Kf3 Rxe6 68. Rxb5 Ke5 69. g4 Rf6+ 70. Kg3 Kd4 71. g5 Rg6 72. Kg4 Kc4 73. Rb1 d4 74. Kf5 Rg8 75. g6 d3 76. Kf6 Kc3 77. Kf7 Rxg6 78. Kxg6 d2 79. Kf5 Kc2 80. Ra1 d1=Q 81. Rxd1 Kxd1 1/2-1/2


[Site "https://www.chess.com"]

[Event "Titled Tuesday Blitz February 22 Early 2022"]
[White "Krylov, Ivan"]
[Black "Pires, Marcos Vinicius Torsani"]
[WhiteFideId "24128066"]
[BlackFideId "2118939"]
[WhiteElo "2258"]
[BlackElo "2273"]
[Result "0-1"]
[Round "05"]
[TimeControl "180+1"]
[Date "2022.02.22"]
[WhiteClock "0:00:04"]
[BlackClock "0:00:44"]

1. e4 c5 2. Nf3 g6 3. c3 Bg7 4. d4 cxd4 5. cxd4 d5 6. e5 Bg4 7. h3 Bxf3 8. Qxf3 Nc6 9. Be3 e6 10. Nc3 Nge7 11. Bd3 O-O 12. h4 f6 13. exf6 Rxf6 14. Qg4 Nf5 15. Bg5 Ncxd4 16. Bxf6 Qxf6 17. h5 g5 18. O-O Rf8 19. Ne2 e5 20. Nxd4 Nxd4 21. Qd7 Rd8 22. Qxb7 e4 23. Ba6 Qf4 24. Qxa7 Be5 25. g3 Nf3+ 26. Kg2 Nh4+ 27. Kh2 Qg4 28. Qe3 Nf3+ 29. Kg2 d4 30. Qc1 Nh4+ 31. Kh2 h6 32. Bc4+ Kh7 33. Qd2 Qxh5 34. Be2 Nf3+ 35. Kg2 Qh2# 0-1


[Site "https://www.chess.com"]